Map: Port Aleksander LE

Players

RexRequired - Winner!

  • Race: Terran Terran
  • League: Grandmaster
  • Spawn Location: 5:00

SnoKtoPus

  • Race: Protoss Protoss
  • League: Diamond
  • Spawn Location: 11:00

VOD

Have the link to the VOD?

Description

Time

  • Played on: Jan. 16, 2019, 12:57 p.m.
  • Length: 6:56
Show
View Real Time Build Order
Export as new Build Order

RexRequired Terran - Winner!

Build Orders: Reaper Expand 

Get SALT Encoding   

  12  0:00  SCV  
  13  0:13  SCV  
  14  0:18  Supply Depot  
  14  0:25  SCV  
  15  0:39  SCV  
  15  0:41  Barracks  
  16  0:45  Refinery  
  16  0:51  SCV  
  17  1:03  SCV  
  18  1:16  SCV  
  19  1:28  Reaper  
  19  1:29  Orbital Command  
  20  1:44  Command Center  
  20  1:55  SCV  
  20  1:56  Supply Depot  
  21  2:03  Marine  
  21  2:07  SCV  
  23  2:11  Factory  
  23  2:18  Refinery  
  23  2:19  SCV  
  24  2:23  Barracks Reactor  
  24  2:30  Barracks  
  24  2:33  SCV  
  25  2:45  SCV  
  26  2:55  Factory Tech Lab  
  26  2:57  SCV  
  27  2:58  Orbital Command  
  27  3:02  Marine  
  27  3:03  Marine  
  29  3:10  SCV  
  30  3:14  Cyclone  
  30  3:17  Barracks Tech Lab  
  33  3:20  Marine x2  
  33  3:23  SCV  
  33  3:24  SCV  
  36  3:27  Supply Depot  
  36  3:37  Marine, Stimpack  
  36  3:38  Marine x2  
  36  3:40  SCV  
  40  3:42  SCV  
  40  3:47  Engineering Bay  
  41  3:52  SCV  
  41  3:54  SCV  
  43  3:56  Marine x3  
  43  4:01  Barracks  
  46  4:06  SCV  
  46  4:08  SCV, Supply Depot  
  48  4:13  Terran Infantry Weapons Level 1  
  48  4:17  Marine x2  
  48  4:18  Marine  
  48  4:19  SCV  
  48  4:20  SCV  
  53  4:25  Supply Depot  
  53  4:31  SCV  
  53  4:32  SCV  
  53  4:35  Starport, Factory Reactor  
  53  4:38  Marine x3  
  57  4:44  SCV x2  
  60  4:49  Supply Depot, Combat Shield  
  60  4:50  Marine  
  61  4:56  Marine x2, SCV  
  61  4:57  SCV  
  61  4:58  Marine  
  66  5:01  Refinery  
  66  5:03  Supply Depot  
  66  5:08  SCV  
  66  5:09  SCV  
  66  5:12  Refinery  
  68  5:17  Marine x2  
  68  5:18  Marine x2  
  68  5:20  Medivac x2  
  77  5:21  SCV  
  77  5:22  Factory Reactor  
  77  5:24  SCV  
  78  5:35  Supply Depot x2  
  78  5:36  Marauder  
  78  5:37  Marine, Marauder  
  78  5:38  Marine  
  78  5:41  Concussive Shells  
  84  5:51  Command Center  
  84  5:55  Medivac  
  84  5:56  Medivac  
  88  5:59  Marauder  
  88  6:02  Marauder  
  88  6:03  Marine  
  93  6:04  Marine  
  94  6:13  Supply Depot  
  94  6:14  Widow Mine  
  94  6:16  Supply Depot  
  94  6:17  Widow Mine  
  98  6:21  Missile Turret  
  98  6:22  Missile Turret  
  98  6:23  SCV  
  99  6:28  Marine x2  
Show
View Real Time Build Order
Export as new Build Order

SnoKtoPus Protoss 

Build Orders: 1 Gate Expand, Phoenix Opening, Colossus Rush 

Get SALT Encoding   

  12  0:01  Probe  
  13  0:13  Probe  
  14  0:19  Pylon  
  14  0:25  Probe  
  15  0:33  Probe  
  15  0:39  Gateway  
  15  0:41  Probe  
  17  0:50  Assimilator  
  17  0:52  Probe  
  19  1:04  Probe  
  19  1:30  Nexus  
  19  1:32  Probe  
  19  1:42  Cybernetics Core  
  19  1:45  Probe  
  20  1:59  Assimilator, Probe  
  21  2:09  Pylon  
  21  2:15  Probe  
  22  2:19  Adept  
  22  2:22  Warp Gate  
  24  2:33  Probe  
  23  2:48  Probe, Adept  
  25  2:52  Probe, Stargate  
  26  3:01  Probe x2  
  28  3:09  Probe x2  
  28  3:15  Adept  
  28  3:18  Probe  
  32  3:22  Probe  
  34  3:30  Probe  
  34  3:33  Probe  
  36  3:36  Phoenix  
  36  3:38  Probe  
  38  3:41  Pylon, Probe  
  38  3:47  Probe  
  40  3:49  Probe  
  40  3:55  Adept  
  44  3:56  Probe  
  44  4:00  Probe  
  46  4:07  Robotics Facility  
  46  4:08  Probe  
  47  4:12  Probe  
  47  4:15  Phoenix  
  50  4:24  Gateway  
  50  4:27  Gateway  
  50  4:33  Probe  
  50  4:34  Probe  
  52  4:39  Assimilator  
  52  4:42  Phoenix  
  54  4:50  Pylon  
  54  4:55  Robotics Bay  
  54  5:06  Nexus  
  54  5:08  Observer, Probe  
  54  5:10  Pylon  
  56  5:16  Probe  
  56  5:19  Assimilator  
  56  5:20  Probe  
  58  5:23  Pylon  
  58  5:27  Colossus  
  58  5:34  Probe  
  58  5:35  Probe  
  66  5:44  Adept  
  66  5:45  Adept x2  
  72  5:56  Phoenix  
  74  6:00  Probe x2  
  76  6:10  Pylon  
  76  6:15  Pylon  
  76  6:19  Pylon  
  76  6:25  Adept x3  
  87  6:45  Adept x2  
  87  6:46  Adept  
Tags
 
Add a new tag
Caveats
  • Supply blocks, unpowered buildings, or Contaminate may cause inaccurate times.
  • Supply counts are checked every 10 seconds.